 Dungeon Crawl Stone Soup version 0.30-a0-368-g86fb4627a9 (webtiles) character file.

Game seed: 2853317426311582668

830 purpskrrrp the Ducker (level 8, -1/52 HPs)
             Began as a Djinni Earth Elementalist on Nov 18, 2022.
             Was an Initiate of Ashenzari.
             Killed from afar by an orc wizard (5 damage)
             ... with a magic dart
             ... on level 5 of the Dungeon.
             The game lasted 00:08:54 (3758 turns).

purpskrrrp the Ducker (Djinni Earth Elementalist)   Turns: 3758, Time: 00:08:55

Health: -1/52      AC:  5    Str:  7    XL:     8   Next: 18%
Gold:   270        EV: 14    Int: 19    God:    Ashenzari [......] SH:  0 Dex: 14

rFire   + + .      SeeInvis .    e - +6 shillelagh "Devastator" {shatter}
rCold   x . .      Faith    .    (no shield)
rNeg    . . .      Spirit   .    a - +0 robe
rPois   ∞          Reflect  .    f - +1 helmet
rElec   .          Harm     .    p - scarf {+Inv}
rCorr   .          Rampage  .    t - +0 pair of gloves
Will    .....                    (boots unavailable)
Stlth   +++.......               (no amulet)
HPRegen 0.28/turn                (no ring)
MPRegen 0.00/turn                (no ring)

@: flying
A: sickness immunity, fire resistance 2, cold vulnerability 1, float, innate
caster, HP casting, extra vitality 1
a: Renounce Religion, Evoke Invisibility, Curse Item


You were on level 5 of the Dungeon.
You worshipped Ashenzari.
Ashenzari was noncommittal.
You visited 1 branch of the dungeon, and saw 6 of its levels.

You collected 270 gold pieces.

Inventory:

Hand Weapons
 e - the +6 shillelagh "Devastator" (weapon) {shatter}
   (You found it on level 6 of the Dungeon)

   It releases a powerful concussive burst when it strikes, dealing extra damage
   to the target and all other creatures adjacent to them.
 k - a +2 dagger of electrocution
Armour
 a - a +0 robe (worn)
 f - a +1 helmet (worn)
 p - a scarf of invisibility (worn)
 t - a +0 pair of gloves (worn)
Wands
 x - a wand of polymorph (3)
 y - a wand of paralysis (11)
Scrolls
 c - a scroll of blinking {unknown}
 h - 6 scrolls of identify
 j - a scroll of fear
 m - 3 scrolls of teleportation
 n - a scroll of vulnerability {unknown}
 q - a scroll of enchant armour
 u - 3 scrolls of amnesia {unknown}
 v - a scroll of butterflies {unknown}
 z - a scroll of poison {unknown}
 A - a scroll of magic mapping {unknown}
Potions
 b - a potion of heal wounds {unknown}
 d - 2 potions of haste
 g - 2 potions of lignification {unknown}
 i - 2 potions of curing
 l - a potion of mutation {unknown}
 o - a potion of resistance {unknown}
 r - a potion of invisibility {unknown}
 s - a potion of flight {unknown}
 w - a potion of brilliance {unknown}


   Skills:
 + Level 1.0 Fighting
 + Level 0.6 Maces & Flails
 + Level 5.1 Dodging
 + Level 4.2 Stealth
 * Level 5.0 Spellcasting


You had one spell level left.
You knew the following spells:

 Your Spells              Type           Power      Damage    Failure   Level
a - Sandblast             Erth           48%        2d12      1%          1
b - Passwall              Tmut/Erth      20%        N/A       2%          2
c - Stone Arrow           Conj/Erth      48%        3d10      4%          3
d - Petrify               Tmut/Erth      24%        N/A       16%         4
e - Foxfire               Conj/Fire      96%        2x1d8     1%          1
f - Momentum Strike       Conj/Tloc      48%        3d9       2%          2
g - Swiftness             Air            24%        N/A       4%          3
Your spell library was empty.

Dungeon Overview and Level Annotations

Branches:
Dungeon (6/15)
 Temple: D:4-7

Altars:
Ashenzari
Cheibriados
Qazlal
Trog
Wu Jian

Shops:
D:2 [   D:3 *   D:6 *


Innate Abilities, Weirdness & Mutations

You are immune to sickness and miasma.
You are immune to poison.
Your flesh is very heat resistant. (rF++)
You are vulnerable to cold. (rC-)
You float through the air rather than walking.
You learn spells naturally, not from books.
Your magical power is your life essence.
You have superior vitality. (+4 MHP)


Message History

The orc priest attacks as you move away!
The orc priest barely misses you.
The orc wizard mumbles some strange words.
The orc wizard flickers and vanishes!
Deactivating autopickup; reactivate with Ctrl-A.
You closely miss the orc priest.
The orc priest is almost dead.
The orc priest hits you but does no damage.
You bump into the rock wall.
Something hits you.
* * * LOW HITPOINT WARNING * * *
The orc priest hits you with a +0 falchion.
* * * LOW HITPOINT WARNING * * *
You're too confused to cast spells.
You closely miss the orc priest.
The orc priest is almost dead.
The orc priest misses you. Something hits you but does no damage.
You sock the orc priest!
You kill the orc priest!
You feel less confused. Something hits you.
* * * LOW HITPOINT WARNING * * *
Something hits you.
* * * LOW HITPOINT WARNING * * *
Your Fighting skill increases to level 1!
Aiming: Sandblast (safe; 1% risk of failure)
Press: ? - help, Q - select action, (/) - cycle Shift-Dir - straight line The blast of sand hits something.
* * * LOW HITPOINT WARNING * * *
Something hits you.
* * * LOW HITPOINT WARNING * * *
Aiming: Sandblast (safe; 1% risk of failure)
Press: ? - help, Q - select action, (/) - cycle Shift-Dir - straight line
* * * LOW HITPOINT WARNING * * *
You hear some strange, mumbled words.
A puff of flame appears from out of thin air!
The puff of flame misses you.
You hear some strange, mumbled words.
A magic dart appears from out of thin air!
The magic dart hits you.
You die...

#
#######.[...#....####≈≈.≈≈#
. #.......#..#####≈.≈##
#.....#+#....# #P.P#
#............##.....
#........<...#.♣...
#............#...8
#............#
#............#
#...@........########
####){.......#..#....
#............##.#....
#............##.#....
#.....#########.#...#
#..)..# ###....## #..$..#
#.....(.# #.....# #.......#
#.....# #.......#


There were no monsters in sight!

Vanquished Creatures
  2 ice beasts (D:6)
  3 ogres
  Blork the orc (D:6)
  A scorpion (D:6)
  A howler monkey (D:4)
  A hound (D:3)
  2 orc priests (D:5)
  An iguana (D:5)
  5 adders
  2 shadow imps (D:6)
  A white imp (D:5)
  An ufetubus (D:6)
  2 worms
  2 dart slugs (D:3)
  3 orcs
  5 bats
  3 endoplasms
  A giant cockroach (D:1)
  6 goblins
  10 hobgoblins
  6 jackals
  6 kobolds
  3 quokkas
  5 ball pythons
  6 frilled lizards
  7 rats
86 creatures vanquished.

Vanquished Creatures (others)
  An orc (D:3)
1 creature vanquished.

Grand Total: 87 creatures vanquished

Notes
Turn   | Place    | Note
-------+----------+-------------------------------------------
     0 | D:1      | purpskrrrp the Djinni Earth Elementalist began the quest
                  | for the Orb.
     0 | D:1      | purpskrrrp set off with the following spells memorised:
                  | Sandblast, Passwall, Stone Arrow, Petrify.
     0 | D:1      | Reached XP level 1. HP: 15/15 MP: 0/0
   113 | D:1      | Reached XP level 2. HP: 19/21 MP: 0/0
   329 | D:1      | Reached XP level 3. HP: 8/25 MP: 0/0
   329 | D:1      | Learned a level 1 spell: Foxfire
  1007 | D:2      | Reached XP level 4. HP: 31/31 MP: 0/0
  1267 | D:2      | Found a faded altar of an unknown god.
  1294 | D:2      | Found Ydyproy's Antique Armour Emporium.
  1331 | D:2      | Prayed at the altar of an unknown god.
  1331 | D:2      | Became a worshipper of Ashenzari the Shackled
  1698 | D:3      | Found Paruczuf's Assorted Antiques.
  1919 | D:3      | Reached XP level 5. HP: 14/35 MP: 0/0
  1919 | D:3      | Learned a level 2 spell: Momentum Strike
  2342 | D:4      | Found an ornate altar of the Wu Jian Council.
  2676 | D:4      | Found a bloodstained altar of Trog.
  2760 | D:5      | Entered Level 5 of the Dungeon
  2791 | D:5      | Reached XP level 6. HP: 39/40 MP: 0/0
  2813 | D:5      | Noticed an ogre
  2817 | D:5      | Killed an ogre
  2912 | D:5      | You are sucked into a shaft and drop 1 floor!
  2922 | D:6      | Found the +6 shillelagh "Devastator" {shatter}
  3038 | D:6      | Noticed an ice beast
  3043 | D:6      | Killed an ice beast
  3044 | D:6      | Reached XP level 7. HP: 45/45 MP: 0/0
  3044 | D:6      | Learned a level 3 spell: Swiftness
  3277 | D:6      | Noticed Blork the orc
  3282 | D:6      | Killed Blork the orc
  3354 | D:6      | Found a snail-covered altar of Cheibriados.
  3390 | D:6      | Found Fyfafa's Neck Hole.
  3458 | D:6      | Found a stormy altar of Qazlal.
  3491 | D:6      | Reached skill level 5 in Dodging
  3491 | D:6      | Reached XP level 8. HP: 50/51 MP: 0/0
  3745 | D:5      | Reached skill level 5 in Spellcasting
  3757 | D:5      | Reached skill level 1 in Fighting
  3758 | D:5      | Killed from afar by an orc wizard

Illustrated notes

Levels and vault maps discovered:
D:1:      co_arrival_random_square_maze, layout_rooms, chequers_jeans
D:2:      layout_rooms, serial_shops, nicolae_lakefront_shop,
          basic_ecumenical_altar, patterned_corridor
D:3:      layout_basic, serial_shops, nicolae_lakefront_shop,
          minmay_joined_circles
D:4:      layout_rooms, kennysheep_little_box,
          mainiacjoe_overflow_surrounded_room, mainiacjoe_overflow_alcove_4
D:5:      kennysheep_spiral_hall, layout_basic, lemuel_doored_altar,
          lemuel_coloured_pillars_altar, dreamdust_princess_bridge, st_stairs_11
D:6:      layout_cave_pods, mainiacjoe_overflow_tiny_flanked,
          amcnicky_altar_gilded, nicolae_shop_sticking_my_neck_out,
          uniq_blork_the_orc

Skill      XL: |  1  2  3  4  5  6  7  8 |
---------------+-------------------------+-----
Stealth        | 2 3 4 |  4.2
Dodging        | 3 4 5 |  5.1
Spellcasting   | 3 4 5 |  5.0
Fighting       | 1 |  1.0
Maces & Flails | |  0.6

Action                   |  1- 3 |  4- 6 |  7- 9 || total
-------------------------+-------+-------+-------++-------
Melee: Unarmed           |    35 |       |       ||    35
       Punch             |     1 |     1 |       ||     2
       Dagger            |    12 |    17 |       ||    29
       Shillelagh        |       |     4 |    15 ||    19
 Cast: Sandblast         |    45 |    60 |    17 ||   122
       Momentum Strike   |       |     2 |       ||     2
Invok: Curse Item        |       |     1 |       ||     1
       Shatter the Chain |       |     1 |       ||     1
  Use: Scroll            |     5 |     1 |       ||     6
 Stab: Sleeping          |       |     1 |       ||     1
Armor: Robe              |    11 |     9 |     3 ||    23
Dodge: Dodged            |    45 |    37 |     7 ||    89

Table legend: (Time is in decaauts)
 A = Elapsed time spent in this place.
 B = Non-inter-level travel time spent in this place.
 C = Inter-level travel time spent in this place.
 D = Time resting spent in this place.
 E = Time spent auto-exploring this place.
 F = Levels seen in this place.
 G = Mean time per level.
                   A        B        C        D        E       F      G
               +--------+--------+--------+--------+--------+-----+--------+
         Total |   3821 |   3748 |     73 |    566 |   2547 |   6 |  636.8 |
       Dungeon |   3821 |   3748 |     73 |    566 |   2547 |   6 |  636.8 |
               +--------+--------+--------+--------+--------+-----+--------+

Top non-repeatable levels by time:
     D:1: 939 daAuts
     D:3: 928 daAuts
     D:6: 728 daAuts
     D:4: 474 daAuts
     D:2: 462 daAuts
     D:5: 288 daAuts
